[Event "Titled Tuesday Blitz August 08 Late 2023"]
[White "Firouzja, Alireza"]
[Black "Shimanov, Aleksandr"]
[WhiteFideId "12573981"]
[BlackFideId "4198603"]
[WhiteElo "3089"]
[BlackElo "2941"]
[Result "1-0"]
[Round "7"]
[TimeControl "180+1"]
[Date "2023.08.08"]
[WhiteClock "0:00:03"]
[BlackClock "0:00:00"]
[Board "3"]

1. e4 e6 2. d4 d5 3. Nc3 Bb4 4. e5 c5 5. a3 Ba5 6. Qg4 Ne7 7. Nf3 cxd4 8. b4 dxc3 9. bxa5 Nbc6 10. Qxg7 Rg8 11. Qxh7 Qc7 12. Bf4 Bd7 13. a6 O-O-O 14. axb7+ Kb8 15. Qd3 Rg4 16. Bg3 Nf5 17. Be2 Re4 18. O-O Nxg3 19. hxg3 Nxe5 20. Nxe5 Qxe5 21. Bf3 Rc4 22. Rfe1 Qg5 23. Rab1 Rh8 24. Rb4 Rxb4 25. axb4 Qh6 26. Kf1 Qf6 27. Kg1 Ba4 28. Bg4 Qh6 29. Bh3 Qd2 30. Qxd2 cxd2 31. Rd1 Bxc2 32. Rxd2 Bg6 33. f4 Be4 34. Bg4 Kxb7 35. Bf3 f5 36. g4 fxg4 37. Bxe4 dxe4 38. Rd4 Kc6 39. Rxe4 Kd6 40. Kf2 Rc8 41. Kg3 Rc2 42. Re5 Rb2 43. Ra5 Rxb4 44. Rxa7 Rb2 45. Rg7 Rc2 46. Rxg4 Ke7 47. Rg5 Kf6 48. Kf3 Rc3+ 49. Kg4 Rc2 50. g3 Rc3 51. Rh5 Kg6 52. Ra5 Kf6 53. Ra8 Kf7 54. Ra7+ Kf6 55. Ra6 Kf7 56. Kh4 Rf3 57. Ra4 Kg6 58. g4 Rf1 59. Re4 Kf6 60. Kg3 Rg1+ 61. Kf3 Ra1 62. Re5 Ra3+ 63. Kf2 Rb3 64. g5+ Kf7 65. Re3 Rb4 66. Kf3 Rb1 67. Kg4 Rg1+ 68. Rg3 Rh1 69. Rh3 Rg1+ 70. Kf3 Rf1+ 71. Ke3 Re1+ 72. Kf2 Ra1 73. Rh6 Ra3 74. Kg2 Rb3 75. Rh3 Rb1 76. Kf3 Rb3+ 77. Kg4 Rb1 78. Rh7+ Kg6 79. Re7 Rg1+ 80. Kf3 Re1 81. Kf2 Re4 82. Kg3 Re1 83. Kf3 Kh5 84. Rh7+ Kg6 85. Rh6+ Kf7 86. Rh2 Rf1+ 87. Rf2 Rg1 88. Ra2 Rf1+ 89. Kg4 Rg1+ 90. Kh3 Rh1+ 91. Kg3 Rg1+ 92. Rg2 Re1 93. Rh2 Rg1+ 94. Kf2 Ra1 95. Rh7+ Kg6 96. Re7 Kf5 97. Rf7+ Kg4 98. g6 Ra8 99. Ke3 Rg8 100. g7 Kh5 101. Rf6 Rxg7 102. Rxe6 Ra7 103. Ke4 Ra4+ 104. Kf5 Ra5+ 105. Re5 Ra6 106. Rd5 Rb6 107. Rc5 Ra6 108. Re5 Rb6 109. Re6 Rb7 110. Kf6 Kg4 111. f5 Ra7 112. Kg6 Ra8 113. f6 1-0


[Site "https://www.chess.com"]

[Event "Titled Tuesday Blitz August 08 Late 2023"]
[White "Paravyan, David"]
[Black "Fressinet, Laurent"]
[WhiteFideId "4194985"]
[BlackFideId "608742"]
[WhiteElo "3042"]
[BlackElo "2923"]
[Result "1-0"]
[Round "7"]
[TimeControl "180+1"]
[Date "2023.08.08"]
[WhiteClock "0:00:04"]
[BlackClock "0:00:01"]
[Board "4"]

1. e4 c5 2. Nf3 Nc6 3. Bb5 g6 4. Bxc6 dxc6 5. d3 Bg7 6. h3 Nf6 7. O-O Nd7 8. a4 a5 9. Na3 e5 10. Nc4 O-O 11. Bg5 f6 12. Be3 b6 13. c3 Ba6 14. Qb3 Kh8 15. Rfd1 Qe7 16. Qa3 Qe6 17. b3 Rab8 18. Rac1 f5 19. exf5 gxf5 20. Re1 Bxc4 21. bxc4 Rg8 22. d4 Qxc4 23. dxe5 Nxe5 24. Nxe5 Bxe5 25. Bd4 Bxd4 26. cxd4 Qd5 27. g3 cxd4 28. Qe7 Rg7 29. Qf6 Rg8 30. Rxc6 d3 31. Rd6 Qf7 32. Qxf7 Rxf7 33. Rb1 Rg6 34. Rbxb6 Rxd6 35. Rxd6 f4 36. Rxd3 fxg3 37. fxg3 Rf5 38. Rb3 Kg7 39. Rb7+ Kg6 40. Kg2 Rc5 41. Rb6+ Kg7 42. Rb7+ Kg6 43. Rb5 Rxb5 44. axb5 a4 45. b6 a3 46. b7 a2 47. b8=Q a1=Q 48. Qg8+ Kh6 49. Qe6+ Kg7 50. h4 Qb2+ 51. Kh3 Qf2 52. Qg4+ Kh8 53. Qf4 Qc5 54. Qf6+ Kg8 55. Kg4 Qc4+ 56. Qf4 Qe6+ 57. Kf3 Qd5+ 58. Qe4 Qd1+ 59. Kf4 Qd6+ 60. Qe5 Qd2+ 61. Kg4 Qd1+ 62. Kg5 Qd2+ 63. Kh5 Qd1+ 64. g4 Qd7 65. Qg5+ Kh8 66. Qf6+ Kg8 67. Qg5+ Kh8 68. Qf6+ Kg8 69. Qe5 Qf7+ 70. Kg5 Qg6+ 71. Kf4 Qf7+ 72. Qf5 Qc4+ 73. Qe4 Qc7+ 74. Qe5 Qc4+ 75. Kg5 Qf7 76. Qb8+ Kg7 77. Qb2+ Kg8 78. Qf6 Qd5+ 79. Kh6 Qd7 80. Qg5+ Kh8 81. Qf5 Qg7+ 82. Kh5 Qe7 83. g5 Kg8 84. Qd5+ Kg7 85. Qd4+ Kg8 86. Qf6 Qe8+ 87. Kh6 Qd7 88. h5 Qc7 89. Qe6+ Kh8 90. Qe8# 1-0


[Site "https://www.chess.com"]

[Event "Titled Tuesday Blitz August 08 Late 2023"]
[White "Zemlyanskii, Ivan"]
[Black "Naroditsky, Daniel"]
[WhiteFideId "24249971"]
[BlackFideId "2026961"]
[WhiteElo "2888"]
[BlackElo "3196"]
[Result "0-1"]
[Round "7"]
[TimeControl "180+1"]
[Date "2023.08.08"]
[WhiteClock "0:00:00"]
[BlackClock "0:00:06"]
[Board "5"]

1. d4 Nf6 2. c4 g6 3. Nc3 Bg7 4. e4 d6 5. Nf3 O-O 6. Be2 h6 7. O-O e5 8. h3 exd4 9. Nxd4 Re8 10. Bf3 Nbd7 11. Be3 c6 12. Rc1 a5 13. Re1 Nc5 14. Bf4 Nh7 15. Nde2 Ng5 16. Ng3 Qf6 17. Bxd6 Nxf3+ 18. gxf3 Ne6 19. e5 Qh4 20. Re4 Qxh3 21. Qf1 Ng5 22. Qxh3 Bxh3 23. Re3 Bxe5 24. Bxe5 Rxe5 25. f4 Rxe3 26. fxe3 Ne6 27. Nce4 h5 28. Nf2 Bg4 29. Nge4 Kg7 30. Nxg4 hxg4 31. Rd1 Rd8 32. Rxd8 Nxd8 33. Nd6 f5 34. Kf2 Kf6 35. e4 Ke6 36. c5 b6 37. Nc4 bxc5 38. exf5+ gxf5 39. Nxa5 Kd5 40. b3 Ne6 41. Ke3 Nd4 42. Nc4 Nc2+ 43. Kf2 Ke4 44. Kg3 Nd4 45. Nd6+ Kd5 46. Nc4 Ne2+ 47. Kh4 Nxf4 48. Kg5 Ke4 49. Nd6+ Ke5 50. Nxf5 Nd3 51. Kxg4 Nc1 52. Ne7 Kd6 53. Nf5+ Kd5 54. Ne7+ Kd6 55. Nf5+ Kc7 56. Kf3 Nxa2 57. Ke3 Kb6 58. Kd3 Nb4+ 59. Kc4 Nc2 60. Ne7 Ne3+ 61. Kc3 Nd5+ 62. Nxd5+ cxd5 63. b4 c4 64. Kd4 Kc6 65. Kc3 Kb5 66. Kd4 Kxb4 0-1


[Site "https://www.chess.com"]

[Event "Titled Tuesday Blitz August 08 Late 2023"]
[White "Asadli, Vugar"]
[Black "Aronian, Levon"]
[WhiteFideId "13405764"]
[BlackFideId "13300474"]
[WhiteElo "2842"]
[BlackElo "3043"]
[Result "0-1"]
[Round "7"]
[TimeControl "180+1"]
[Date "2023.08.08"]
[WhiteClock "0:00:14"]
[BlackClock "0:00:07"]
[Board "6"]

1. e4 c5 2. Nf3 e6 3. d4 cxd4 4. Nxd4 Nc6 5. Nc3 Qc7 6. Be3 a6 7. Qd2 Nf6 8. O-O-O Be7 9. f3 b5 10. g4 O-O 11. Kb1 Bb7 12. h4 Rfd8 13. h5 d5 14. e5 Nxe5 15. g5 Nxf3 16. Qg2 Nxd4 17. gxf6 Nf5 18. fxe7 Nxe3 19. exd8=Q+ Rxd8 20. Qg1 d4 21. h6 g6 22. Rh2 b4 23. Rxd4 Rxd4 24. Qxe3 Rd8 25. Rd2 Rxd2 26. Qxd2 bxc3 27. bxc3 Kf8 28. Qd4 e5 29. Qb4+ Ke8 30. Bc4 e4 31. Bb3 Bc6 32. Qc4 Kd8 33. Qd4+ Kc8 34. Qh8+ Kb7 35. Qd4 Qd7 36. Qe5 f5 37. Bg8 Qc7 38. Qd4 f4 39. Bd5 Bxd5 40. Qxd5+ Qc6 41. Qf7+ Qc7 42. Qd5+ Ka7 43. Qxe4 Qb7+ 44. Qxb7+ Kxb7 45. Kc1 Kc6 46. Kd2 g5 47. Kd3 g4 48. Ke4 g3 49. Kf3 Kc5 0-1


[Site "https://www.chess.com"]

[Event "Titled Tuesday Blitz August 08 Late 2023"]
[White "Andreikin, Dmitry"]
[Black "Rustemov, Alexander"]
[WhiteFideId "4158814"]
[BlackFideId "4119002"]
[WhiteElo "3017"]
[BlackElo "2855"]
[Result "1-0"]
[Round "7"]
[TimeControl "180+1"]
[Date "2023.08.08"]
[WhiteClock "0:00:32"]
[BlackClock "0:00:08"]
[Board "7"]

1. d4 d5 2. c4 e6 3. Nf3 Nf6 4. Bg5 Be7 5. e3 h6 6. Bxf6 Bxf6 7. Qc2 O-O 8. h4 g6 9. Nc3 Bg7 10. O-O-O c6 11. Ne5 Nd7 12. f4 Nxe5 13. fxe5 Bd7 14. Kb1 dxc4 15. Bxc4 c5 16. d5 exd5 17. Nxd5 Bxe5 18. Nf4 Bxf4 19. Qxg6+ Kh8 20. Qh5 Bxe3 21. Qe5+ f6 22. Qxe3 Bf5+ 23. Ka1 Qc7 24. Qxh6+ Qh7 25. Qf4 Be4 26. Rhe1 f5 27. Rd6 Qe7 28. Qh6+ Qh7 29. Qg5 Rg8 30. Bxg8 Rxg8 31. Qf4 Rg4 32. Qe5+ Qg7 33. Rh6+ Kg8 34. Qe8+ Qf8 35. Rh8+ 1-0


[Site "https://www.chess.com"]

[Event "Titled Tuesday Blitz August 08 Late 2023"]
[White "Talibov, Shiroghlan"]
[Black "Mamedov, Rauf"]
[WhiteFideId "13429078"]
[BlackFideId "13401653"]
[WhiteElo "2835"]
[BlackElo "3010"]
[Result "0-1"]
[Round "7"]
[TimeControl "180+1"]
[Date "2023.08.08"]
[WhiteClock "0:00:17"]
[BlackClock "0:02:45"]
[Board "8"]

1. e4 c5 2. Nf3 d6 3. d4 cxd4 4. Nxd4 Nf6 5. Nc3 g6 6. Be3 Bg7 7. f3 Nc6 8. Qd2 O-O 9. O-O-O d5 10. Kb1 Nxd4 11. e5 Nf5 12. exf6 Bxf6 13. Nxd5 Qxd5 14. Qxd5 Nxe3 15. Qd2 Nxd1 16. Qxd1 Be6 17. Bd3 Rfd8 18. Qe2 Rd6 19. Bc4 Bxc4 20. Qxc4 Rad8 21. a3 Rb6 22. b3 Rc6 23. Qe2 Rcd6 24. b4 a6 25. g3 b5 26. Rc1 Rd2 27. Qe4 R8d6 28. h4 Kg7 29. f4 h5 30. Ka2 e6 31. Rg1 R6d4 32. Qe3 Rxc2+ 33. Kb1 Rdd2 34. g4 Ra2 35. Kc1 Rh2 0-1


[Site "https://www.chess.com"]

[Event "Titled Tuesday Blitz August 08 Late 2023"]
[White "Ashraf, Artin"]
[Black "Kramnik, Vladimir"]
[WhiteFideId "22514805"]
[BlackFideId "4101588"]
[WhiteElo "2834"]
[BlackElo "2979"]
[Result "0-1"]
[Round "7"]
[TimeControl "180+1"]
[Date "2023.08.08"]
[WhiteClock "0:00:00"]
[BlackClock "0:00:07"]
[Board "9"]

1. Nf3 d5 2. e3 Nf6 3. c4 e6 4. d4 Be7 5. b3 O-O 6. Bb2 c5 7. Nbd2 cxd4 8. Nxd4 e5 9. N4f3 d4 10. exd4 exd4 11. Bxd4 Nc6 12. Bc3 Bc5 13. Be2 Bf5 14. O-O Re8 15. h3 Qb6 16. a3 a5 17. Bxf6 gxf6 18. Nh4 Bg6 19. Nxg6 hxg6 20. Nf3 Rad8 21. Qc2 Kg7 22. g3 Rd7 23. Kg2 Qd8 24. Rfe1 Re6 25. Red1 Rxd1 26. Bxd1 Qe7 27. Qb2 b6 28. h4 Re4 29. a4 Nd4 30. Rb1 Nf5 31. Qd2 Re6 32. Qd3 Rd6 33. Qe2 Re6 34. Qd3 Bxf2 35. Kxf2 Qc5+ 36. Kg2 Ne3+ 37. Kh3 Rd6 38. Qe2 Qf5+ 39. Kh2 Qxb1 40. Qxe3 Qxd1 41. g4 Qd3 42. Qf4 Re6 43. Kg3 Re4 44. g5 Rxf4 0-1


[Site "https://www.chess.com"]

[Event "Titled Tuesday Blitz August 08 Late 2023"]
[White "Xiong, Jeffery"]
[Black "Nazari, Arad"]
[WhiteFideId "2047640"]
[BlackFideId "12577324"]
[WhiteElo "2974"]
[BlackElo "2768"]
[Result "1-0"]
[Round "7"]
[TimeControl "180+1"]
[Date "2023.08.08"]
[WhiteClock "0:00:35"]
[BlackClock "0:00:17"]
[Board "10"]

1. d4 Nf6 2. Nf3 g6 3. Nbd2 d5 4. b3 Bg7 5. Bb2 O-O 6. e3 c5 7. dxc5 Qa5 8. a3 Qxc5 9. b4 Qc7 10. c4 dxc4 11. Bxc4 a6 12. Rc1 Nc6 13. O-O b5 14. Bd3 Bb7 15. Nb3 Rfd8 16. Qe2 Qb6 17. Nc5 Rac8 18. Ne5 Nxe5 19. Bxe5 Ba8 20. Rfd1 Rd5 21. Bxf6 Bxf6 22. Nd7 Qb7 23. Rxc8+ Qxc8 24. Nb6 Qc3 25. Nxa8 Qc6 26. Qf3 Qxa8 27. Bf1 e6 28. Rxd5 1-0


[Site "https://www.chess.com"]

[Event "Titled Tuesday Blitz August 08 Late 2023"]
[White "Nguyen, Ngoc Truong Son"]
[Black "Mekhitarian, Krikor Sevag"]
[WhiteFideId "12401110"]
[BlackFideId "2107660"]
[WhiteElo "2949"]
[BlackElo "2760"]
[Result "1-0"]
[Round "7"]
[TimeControl "180+1"]
[Date "2023.08.08"]
[WhiteClock "0:00:16"]
[BlackClock "0:00:00"]
[Board "11"]

1. d4 Nf6 2. c4 g6 3. Nc3 d5 4. Bg5 Bg7 5. Bxf6 Bxf6 6. cxd5 c6 7. dxc6 Qxd4 8. Qxd4 Bxd4 9. Nb5 Bb6 10. cxb7 Bxb7 11. Nf3 O-O 12. e3 Nc6 13. Be2 Rac8 14. O-O Nb4 15. a3 Nd5 16. Nbd4 Rfd8 17. Rfc1 Kg7 18. g3 Nf6 19. Rxc8 Rxc8 20. Rd1 Ne4 21. Bf1 f6 22. Ne6+ Kf7 23. Nfd4 Bd5 24. Nf4 Ba2 25. Bg2 f5 26. Nd3 Kf6 27. Rc1 Rxc1+ 28. Nxc1 Bf7 29. Bxe4 fxe4 30. Nce2 e5 31. Nb5 Bc4 32. Nec3 Ke6 33. a4 a6 34. Na3 Bd3 35. b4 Bd8 36. b5 Ba5 37. bxa6 Bxa6 38. Nxe4 Bb4 39. Nb5 Ke7 40. f3 Bb7 41. Kf2 Bc6 42. h4 h6 43. Ke2 Ba5 44. Kd3 Bb6 45. g4 Ke6 46. Nd2 Bd8 47. h5 gxh5 48. gxh5 Kf5 49. e4+ Kg5 50. Nc4 Bf6 51. Ncd6 Kxh5 52. a5 Bd8 53. a6 Bb6 54. Nc3 Kg6 55. Nc4 Bd4 56. Ne2 Bf2 57. Nxe5+ 1-0


[Site "https://www.chess.com"]

[Event "Titled Tuesday Blitz August 08 Late 2023"]
[White "Zhigalko, Sergei"]
[Black "Begmuratov, Alisher"]
[WhiteFideId "13502956"]
[BlackFideId "14203367"]
[WhiteElo "2896"]
[BlackElo "2687"]
[Result "0-1"]
[Round "7"]
[TimeControl "180+1"]
[Date "2023.08.08"]
[WhiteClock "0:00:00"]
[BlackClock "0:00:41"]
[Board "12"]

1. e4 c5 2. Nf3 d6 3. d4 cxd4 4. Qxd4 Nf6 5. Nc3 a6 6. Bc4 Nc6 7. Qd3 e6 8. Bf4 b5 9. Bb3 Bb7 10. O-O-O Qb6 11. Qe2 Rd8 12. Rhe1 Na5 13. e5 dxe5 14. Rxd8+ Qxd8 15. Nxe5 Bd6 16. Rd1 Qe7 17. Kb1 Bb8 18. Ng6 hxg6 19. Bxb8 Nxb3 20. axb3 Nd5 21. f3 Nxc3+ 22. bxc3 Bd5 23. Qe3 Qd7 24. Be5 f6 25. Bg3 O-O 26. Qb6 Rc8 27. Qxa6 Rxc3 28. Qa5 Rc8 29. Qb4 Kf7 30. Rd2 Qc6 31. Kb2 g5 32. Re2 Qa6 33. Qd6 Qb7 34. Re1 Ra8 35. Ra1 Rxa1 36. Kxa1 Qa7+ 37. Kb2 Qd4+ 38. Kb1 Kg6 39. Qc7 Qg1+ 40. Kb2 Qxg2 41. f4 gxf4 42. Qxf4 Be4 43. Qg4+ Kf7 44. Qh5+ Bg6 45. Qd1 Kg8 46. Qd8+ Kh7 47. Qc8 e5 48. Qc3 e4 49. Qe3 Bh5 50. Bf4 Bd1 51. Qc1 g5 52. Qxd1 gxf4 53. Qd7+ Kh6 54. Qf5 Qg5 55. Qxe4 Qe5+ 56. Qxe5 fxe5 57. c4 bxc4 58. bxc4 f3 59. c5 f2 60. c6 f1=Q 0-1


[Site "https://www.chess.com"]

[Event "Titled Tuesday Blitz August 08 Late 2023"]
[White "Perez Ponsa, Federico"]
[Black "Gurevich, Dmitry"]
[WhiteFideId "117927"]
[BlackFideId "2000407"]
[WhiteElo "2888"]
[BlackElo "2491"]
[Result "1-0"]
[Round "7"]
[TimeControl "180+1"]
[Date "2023.08.08"]
[WhiteClock "0:00:14"]
[BlackClock "0:00:07"]
[Board "13"]

1. e4 c5 2. Nf3 d6 3. d4 cxd4 4. Nxd4 Nf6 5. Nc3 Nc6 6. f3 Nxd4 7. Qxd4 g6 8. Be3 Bg7 9. Bb5+ Bd7 10. Bxd7+ Qxd7 11. O-O-O Qe6 12. Qa4+ Qd7 13. Qxd7+ Nxd7 14. Nb5 O-O 15. Kb1 a6 16. Nc7 Rac8 17. Nd5 Rfe8 18. h4 h5 19. c3 Nf6 20. Nxf6+ Bxf6 21. Rdg1 Kh7 22. g4 Rg8 23. Bg5 Kg7 24. gxh5 gxh5 25. f4 Bxg5 26. Rxg5+ Kh6 27. Rhg1 Rxg5 28. fxg5+ Kg6 29. Kc2 Rc4 30. Kd3 d5 31. Re1 Rxe4 32. Rxe4 dxe4+ 33. Kxe4 f6 34. gxf6 Kxf6 35. c4 Ke6 36. b4 Kd6 37. a3 b6 38. Kf5 a5 39. Kg5 axb4 40. axb4 Ke5 41. c5 bxc5 42. bxc5 Kd5 43. Kxh5 Kxc5 44. Kg5 e5 45. h5 e4 46. Kf4 1-0


[Site "https://www.chess.com"]

[Event "Titled Tuesday Blitz August 08 Late 2023"]
[White "Richter, Nils"]
[Black "Matlakov, Maxim"]
[WhiteFideId "12990809"]
[BlackFideId "4168003"]
[WhiteElo "2678"]
[BlackElo "2992"]
[Result "1-0"]
[Round "7"]
[TimeControl "180+1"]
[Date "2023.08.08"]
[WhiteClock "0:00:19"]
[BlackClock "0:00:01"]
[Board "14"]

1. d4 Nf6 2. c4 e6 3. Nf3 d5 4. Nc3 Nbd7 5. Bf4 Bb4 6. cxd5 Nxd5 7. e3 Nxc3 8. bxc3 Bxc3+ 9. Nd2 Bxa1 10. Qxa1 O-O 11. Be2 Re8 12. O-O Nb6 13. Rc1 Nd5 14. Bg3 Bd7 15. e4 Nf6 16. Bxc7 Qe7 17. e5 Nd5 18. Bd6 Qh4 19. g3 Qh6 20. Ne4 Bc6 21. Rxc6 bxc6 22. h4 Qg6 23. Qb1 h6 24. h5 Qf5 25. Kg2 f6 26. exf6 Nxf6 27. Nxf6+ Qxf6 28. Be5 Qf7 29. Bd3 Rf8 30. f4 Qxh5 31. Bg6 Qg4 32. Be4 Rad8 33. Qb7 Qe2+ 34. Kh3 Qh5+ 35. Kg2 Qe2+ 36. Kh3 Rf7 37. Qxc6 Qh5+ 38. Kg2 Qg4 39. Bf3 Qg6 40. d5 Rfd7 41. dxe6 Rd2+ 42. Kh3 Qf5+ 43. g4 Qd3 44. e7 Qf1+ 45. Kh4 Qf2+ 46. Kh5 Rf8 47. exf8=Q+ Kxf8 48. Qc8+ Ke7 49. Qb7+ Ke6 50. Qc6+ Ke7 51. Qb7+ Ke6 52. Be4 Qh2+ 53. Kg6 Qf2 54. Bf5# 1-0


[Site "https://www.chess.com"]

[Event "Titled Tuesday Blitz August 08 Late 2023"]
[White "Lysyj, Igor"]
[Black "He, Anthony"]
[WhiteFideId "4150120"]
[BlackFideId "2088215"]
[WhiteElo "2830"]
[BlackElo "2952"]
[Result "1/2-1/2"]
[Round "7"]
[TimeControl "180+1"]
[Date "2023.08.08"]
[WhiteClock "0:00:05"]
[BlackClock "0:00:04"]
[Board "15"]

1. d4 Nf6 2. c4 g6 3. Nc3 d5 4. cxd5 Nxd5 5. e4 Nb6 6. Be3 Bg7 7. Be2 O-O 8. Nf3 Nc6 9. O-O Bg4 10. e5 Nb4 11. h3 Bxf3 12. Bxf3 c6 13. Qb3 N4d5 14. Bg5 Qd7 15. a4 h6 16. Bd2 a5 17. Ne4 Qc7 18. Nc5 Rfd8 19. Rac1 e6 20. Rfd1 Ne7 21. Bc3 Nf5 22. g3 h5 23. g4 hxg4 24. hxg4 Ne7 25. Be4 Ned5 26. Bd2 Ne7 27. Bg5 Re8 28. Kg2 Ned5 29. Rh1 Nd7 30. Nxd7 Qxd7 31. Qh3 Kf8 32. Qh7 Rec8 33. Bh6 Bxh6 34. Qxh6+ Ke8 35. Qg7 Qe7 36. Bxd5 cxd5 37. Rh8+ Kd7 38. Rhxc8 Rxc8 39. Rxc8 Kxc8 40. Qg8+ Kc7 41. Qa8 Kb6 42. Qc8 Qb4 43. b3 Qxd4 44. Qd8+ Ka6 45. Qa8+ Qa7 46. Qe8 Qc5 47. Qxf7 Qc6 48. Qf3 Ka7 49. Qd3 g5 50. Qd4+ Ka8 51. f4 Qc2+ 52. Kf3 Qxb3+ 53. Kf2 Qc2+ 54. Kf3 Qb3+ 55. Kf2 Qa2+ 56. Kf3 Qb3+ 1/2-1/2


[Site "https://www.chess.com"]

[Event "Titled Tuesday Blitz August 08 Late 2023"]
[White "Grigorov, Grigor"]
[Black "Sjugirov, Sanan"]
[WhiteFideId "2907313"]
[BlackFideId "4189302"]
[WhiteElo "2815"]
[BlackElo "2951"]
[Result "0-1"]
[Round "7"]
[TimeControl "180+1"]
[Date "2023.08.08"]
[WhiteClock "0:00:03"]
[BlackClock "0:00:05"]
[Board "16"]

1. d4 Nf6 2. Nf3 b6 3. Bg5 Bb7 4. Nbd2 g6 5. e3 Bg7 6. Bc4 d6 7. O-O Nbd7 8. Qe2 h6 9. Bh4 g5 10. Bg3 Nh5 11. Ne5 Nxe5 12. Bxe5 dxe5 13. Qxh5 O-O 14. c3 exd4 15. exd4 e5 16. Nf3 Bxf3 17. Qxf3 exd4 18. cxd4 Qxd4 19. Bd3 Qxb2 20. Qf5 Rfd8 21. Rae1 Qf6 22. Qh7+ Kf8 23. Re3 Rd4 24. g3 Rad8 25. Rfe1 c6 26. Kg2 g4 27. Bf5 Rd2 28. Re4 R2d4 29. Re7 Rd2 30. Rxa7 Qd4 31. Rf1 Qd5+ 32. Be4 Qc5 33. Rc7 R2d6 34. Re1 Rf6 35. Re2 Qe5 36. Bd3 Qxc7 37. Bc4 Qd7 38. Re4 Qf5 0-1


[Site "https://www.chess.com"]

[Event "Titled Tuesday Blitz August 08 Late 2023"]
[White "Haydon, David L"]
[Black "Grigoriants, Sergey"]
[WhiteFideId "415405"]
[BlackFideId "4130804"]
[WhiteElo "2779"]
[BlackElo "2903"]
[Result "1/2-1/2"]
[Round "7"]
[TimeControl "180+1"]
[Date "2023.08.08"]
[WhiteClock "0:00:49"]
[BlackClock "0:00:11"]
[Board "17"]

1. d4 Nf6 2. Nf3 d5 3. c4 e6 4. e3 Bd6 5. Bd3 O-O 6. O-O b6 7. Nc3 Bb7 8. Qe2 Ne4 9. Qc2 f5 10. Ne5 Bxe5 11. dxe5 Na6 12. a3 Nac5 13. cxd5 Nxd3 14. Qxd3 Nxc3 15. Qxc3 Qxd5 16. f3 c5 17. Rf2 Rad8 18. Rd2 Qc6 19. b3 Rxd2 20. Qxd2 Qd5 21. Qxd5 Bxd5 22. b4 Rc8 23. Bb2 g5 24. Rc1 Rc6 25. Kf2 Kf7 26. Kg3 Kg6 27. h4 h6 28. hxg5 hxg5 29. b5 Rc7 30. a4 Rf7 31. Kf2 Bb3 32. Ra1 Rd7 33. Ke2 Bc4+ 34. Ke1 Rd3 35. Bc1 Bb3 36. Bd2 c4 37. Ke2 Rd5 38. Bc3 f4 39. Bd4 fxe3 40. Kxe3 Rd7 41. a5 bxa5 42. Rxa5 Rd5 43. g4 Kh6 44. Ke4 Kg6 45. Ke3 Bc2 46. Rxa7 Rxb5 47. Rc7 Rb3+ 48. Kf2 Bd1 49. Rxc4 Rxf3+ 50. Ke1 Rd3 51. Bf2 Bb3 52. Rd4 Rxd4 53. Bxd4 Bd5 54. Kf2 Bc6 55. Kg3 Bd5 56. Be3 Bc6 57. Bd4 Bd5 58. Bc5 Bc6 59. Bd6 Bd5 60. Be7 Bc6 61. Bf6 Bd5 62. Bd8 Bc6 63. Bf6 Bd5 64. Bd8 Bc6 65. Bf6 1/2-1/2


[Site "https://www.chess.com"]

[Event "Titled Tuesday Blitz August 08 Late 2023"]
[White "Klukin, Kirill"]
[Black "Elsa167"]
[WhiteFideId "24199273"]
[WhiteElo "2763"]
[BlackElo "2899"]
[Result "0-1"]
[Round "7"]
[TimeControl "180+1"]
[Date "2023.08.08"]
[WhiteClock "0:00:00"]
[BlackClock "0:00:03"]
[Board "18"]

1. d4 Nf6 2. Nf3 e6 3. e3 b6 4. Bd3 Bb7 5. O-O d5 6. c4 Bd6 7. cxd5 exd5 8. Nc3 a6 9. b3 Nbd7 10. Bb2 O-O 11. Rc1 Qe7 12. Qc2 Ne4 13. Ne2 g6 14. Ne5 Rac8 15. f3 Nef6 16. f4 c5 17. Qd2 Rfd8 18. Rfd1 cxd4 19. Nxd7 Nxd7 20. Bxd4 Bb4 21. Bc3 Ba3 22. Rc2 Nc5 23. Nd4 Re8 24. Re1 Ne4 25. Bxe4 Qxe4 26. h3 a5 27. Nb5 Bc5 28. Bd4 Ba6 29. Rxc5 bxc5 30. Nd6 Qd3 31. Qxd3 Bxd3 32. Bxc5 Rxc5 33. Nxe8 Rc2 34. Nf6+ Kg7 35. Ng4 Rxa2 36. Rd1 Be4 37. Nf2 Re2 38. Nxe4 dxe4 39. Rd5 Rxe3 40. Rxa5 Rxb3 41. Kf2 h5 42. h4 Kf6 43. Re5 Rb2+ 44. Kg3 Re2 45. Kh3 Kg7 46. Kg3 f6 47. Re7+ Kf8 48. Re6 Kf7 49. Ra6 Re3+ 50. Kf2 Rd3 51. Ra7+ Ke6 52. Ra5 Rd5 53. Ra6+ Kf5 54. g3 Rd2+ 55. Kf1 e3 56. Rc6 Rf2+ 57. Ke1 Rg2 58. Rc5+ Ke4 59. Rc6 Kf3 0-1


[Site "https://www.chess.com"]

[Event "Titled Tuesday Blitz August 08 Late 2023"]
[White "Kuzmicz, Krystian"]
[Black "Rasulov, Vugar"]
[WhiteFideId "1119125"]
[BlackFideId "13402390"]
[WhiteElo "2763"]
[BlackElo "2863"]
[Result "1/2-1/2"]
[Round "7"]
[TimeControl "180+1"]
[Date "2023.08.08"]
[WhiteClock "0:00:12"]
[BlackClock "0:01:13"]
[Board "19"]

1. e4 c5 2. d3 Nc6 3. g3 e5 4. Bg2 d6 5. f4 exf4 6. Bxf4 Nf6 7. Nf3 Be7 8. O-O O-O 9. Nc3 Be6 10. d4 cxd4 11. Nxd4 Qb6 12. Ne2 Bg4 13. c3 Nxd4 14. cxd4 Qxb2 15. Rf2 Rac8 16. Rb1 Qxa2 17. Rxb7 Rfe8 18. h3 Bxe2 19. Qxe2 Qa1+ 20. Kh2 Qxd4 21. Be3 Qe5 22. Rxa7 Bf8 23. Bf4 Qe6 24. Qb5 Nxe4 25. Bxe4 Qxe4 26. Qd7 Qe6 27. Bg5 f6 28. Qxe6+ Rxe6 29. Bf4 g5 30. Bd2 Rc2 31. Kg2 d5 32. Ra8 Kg7 33. Rxf8 Rxd2 34. Rxd2 Kxf8 35. Rxd5 Re2+ 36. Kf3 Ra2 37. Rd7 Kg8 38. Kg4 Ra3 39. h4 h6 40. hxg5 hxg5 41. Kf5 Rf3+ 42. Kg6 Kf8 43. Rf7+ Ke8 44. Rxf6 Rxg3 45. Kh5 Ke7 46. Rf5 g4 47. Rg5 Kf6 48. Rxg4 Rh3+ 49. Rh4 Ra3 50. Rf4+ Ke5 51. Kg4 Ra8 52. Rf5+ Ke6 53. Rf4 Rg8+ 54. Kf3 Ke5 55. Re4+ Kd5 56. Rg4 Re8 57. Rf4 Re1 58. Rf5+ Kd4 59. Rf4+ Ke5 60. Ra4 Rf1+ 61. Ke2 Rb1 62. Ra5+ Kd4 63. Ra4+ Kc3 64. Ra3+ Kb4 65. Ra8 Rh1 66. Rb8+ Kc4 67. Rc8+ Kd4 68. Rd8+ Ke4 69. Re8+ Kd5 70. Rd8+ Ke6 71. Re8+ Kd7 72. Re3 Kd6 73. Re8 Rh4 74. Rd8+ Ke7 75. Rd3 Ke6 76. Re3+ Kd5 77. Re8 Ra4 78. Rd8+ Ke6 79. Re8+ Kd6 80. Rd8+ Ke7 81. Rd3 Ke6 82. Re3+ Kf5 83. Re8 Re4+ 84. Rxe4 Kxe4 1/2-1/2


[Site "https://www.chess.com"]

[Event "Titled Tuesday Blitz August 08 Late 2023"]
[White "Henriquez Villagra, Cristobal"]
[Black "Kobo, Ori"]
[WhiteFideId "3409350"]
[BlackFideId "2812320"]
[WhiteElo "2851"]
[BlackElo "2746"]
[Result "1-0"]
[Round "7"]
[TimeControl "180+1"]
[Date "2023.08.08"]
[WhiteClock "0:00:06"]
[BlackClock "0:00:02"]
[Board "20"]

1. g3 e5 2. Bg2 d5 3. d3 c6 4. Nf3 Bd6 5. Nc3 Ne7 6. e4 O-O 7. O-O d4 8. Ne2 c5 9. Nd2 Nbc6 10. f4 exf4 11. gxf4 f5 12. Nf3 h6 13. e5 Bc7 14. c4 dxc3 15. bxc3 Be6 16. Be3 b6 17. c4 Qd7 18. Qb1 Rad8 19. Rd1 Qe8 20. a3 Qf7 21. Ra2 Rd7 22. Rad2 Rfd8 23. Kh1 Kh7 24. Qc2 Ng6 25. Ng3 Nge7 26. d4 Bxc4 27. Rc1 Bb3 28. Qb2 Nxd4 29. Nxd4 cxd4 30. Rxd4 Bd5 31. Bxd5 Nxd5 32. Bf2 Bb8 33. Qb3 Qf8 34. Rcd1 Qe8 35. Rxd5 Rxd5 36. Rxd5 Qc6 37. Nxf5 Qxd5+ 38. Qxd5 Rxd5 39. Kg2 Ra5 40. e6 Kg8 41. Ne7+ Kf8 42. Nc6 Rxa3 43. Nxb8 Ke7 44. f5 g6 45. Nc6+ Kd6 46. fxg6 Ra4 47. h3 Rf4 48. g7 Kxc6 49. g8=Q 1-0


[Site "https://www.chess.com"]

[Event "Titled Tuesday Blitz August 08 Late 2023"]
[White "Droin, Augustin"]
[Black "Ozen, Deniz"]
[WhiteFideId "45105987"]
[BlackFideId "6349196"]
[WhiteElo "2584"]
[BlackElo "2846"]
[Result "0-1"]
[Round "7"]
[TimeControl "180+1"]
[Date "2023.08.08"]
[WhiteClock "0:00:39"]
[BlackClock "0:01:07"]
[Board "21"]

1. e4 e5 2. Nf3 Nf6 3. d4 Nxe4 4. Bd3 Nc6 5. Nxe5 d5 6. Nxc6 bxc6 7. Nd2 f5 8. O-O Bd6 9. f3 Qh4 10. f4 Bxf4 11. Nf3 Qh6 12. Bxe4 Bxc1 13. Qxc1 Qxc1 14. Raxc1 dxe4 15. Ne5 O-O 16. Nxc6 f4 17. Ne7+ Kh8 18. g3 g5 19. Nd5 Bh3 20. Rfe1 e3 0-1


[Site "https://www.chess.com"]